Map: Deathaura LE

Players

Rogue

  • Race: Zerg Zerg
  • Spawn Location: 5:00

ByuN - Winner!

  • Race: Terran Terran
  • League: Master
  • Spawn Location: 11:00

VOD

Have the link to the VOD?

Description

Time

  • Played on: Jan. 13, 2021, 8:22 a.m.
  • Length: 19:53
Show
View Real Time Build Order
Export as new Build Order

Rogue Zerg 

Build Orders: Hatch First, Lurkers 

Get SALT Encoding   

  12  0:01  Drone  
  13  0:12  Overlord  
  13  0:16  Drone  
  14  0:30  Drone x2  
  16  0:47  Hatchery  
  15  0:50  Drone  
  15  0:54  Drone  
  17  0:57  Drone  
  18  1:14  Spawning Pool  
  18  1:16  Drone  
  18  1:21  Drone  
  19  1:34  Drone  
  20  2:01  Zergling x8  
  24  2:02  Queen  
  26  2:10  Zergling x2  
  26  2:13  Zergling x2  
  28  2:21  Overlord  
  27  2:39  Drone  
  27  2:40  Extractor  
  27  2:42  Drone x2  
  27  2:43  Drone  
  30  2:56  Queen  
  32  3:03  Overlord  
  32  3:07  Drone  
  32  3:08  Drone  
  32  3:12  Drone  
  35  3:22  Drone x4  
  35  3:23  Drone  
  40  3:31  Drone x2  
  41  3:41  Roach Warren  
  40  3:46  Metabolic Boost  
  42  3:50  Overlord  
  42  3:52  Drone  
  42  3:53  Drone  
  42  4:00  Hatchery  
  41  4:05  Drone x2  
  41  4:08  Extractor  
  41  4:15  Overlord  
  41  4:20  Roach  
  41  4:21  Roach x3  
  49  4:27  Roach  
  49  4:30  Overlord  
  51  4:35  Zergling x2  
  52  4:40  Roach x2  
  52  4:41  Zergling x6  
  52  4:43  Zergling x2  
  60  4:46  Overlord  
  60  4:52  Overlord  
  60  5:05  Zergling x2  
  60  5:06  Zergling x8  
  64  5:11  Ravager x2  
  68  5:14  Zergling x2  
  68  5:15  Zergling x2  
  68  5:17  Zergling x2  
  68  5:18  Zergling x2  
  68  5:19  Zergling x2  
  68  5:20  Zergling x2  
  73  5:26  Zergling x2  
  66  5:31  Roach  
  66  5:35  Ravager  
  62  5:38  Zergling x6  
  60  5:42  Zergling x2  
  60  5:45  Zergling x4  
  60  5:47  Ravager  
  60  5:49  Zergling x6  
  66  5:51  Ravager  
  66  5:55  Zergling x4  
  66  5:56  Zergling x2  
  66  6:02  Zergling x2  
  59  6:06  Zergling x2  
  59  6:07  Queen  
  55  6:11  Drone x2  
  55  6:14  Drone  
  55  6:15  Drone  
  52  6:20  Drone  
  52  6:21  Drone  
  50  6:27  Drone  
  50  6:29  Drone x2  
  50  6:30  Drone  
  52  6:34  Drone x2  
  52  6:39  Drone  
  55  6:44  Drone x3  
  55  6:45  Drone  
  56  6:49  Drone x3  
  58  6:54  Queen  
  60  7:03  Drone x2  
  60  7:04  Spore Crawler  
  61  7:09  Overlord, Drone x3  
  61  7:15  Spore Crawler  
  63  7:17  Lair  
  63  7:24  Drone x3  
  63  7:25  Drone x3  
  63  7:29  Overlord  
  69  7:31  Queen  
  69  7:36  Roach x2  
  75  7:38  Roach  
  75  7:40  Overlord  
  75  7:42  Overlord  
  75  7:43  Extractor x2  
  75  7:46  Overlord  
  75  7:49  Roach x2  
  79  7:51  Overlord  
  79  7:55  Roach  
  81  8:01  Ravager x3  
  81  8:03  Roach  
  81  8:04  Roach  
  81  8:05  Roach  
  90  8:06  Zergling x8  
  90  8:12  Zergling x8  
  98  8:17  Roach x2  
  102  8:20  Roach  
  102  8:26  Roach x2  
  105  8:32  Drone x7  
  112  8:34  Glial Reconstitution  
  112  8:37  Overlord  
  112  8:46  Overlord x2  
  90  8:56  Roach x6  
  90  8:59  Drone  
  90  9:00  Drone x2  
  90  9:02  Extractor  
  102  9:03  Extractor, Drone x2  
  102  9:04  Drone x3  
  102  9:09  Evolution Chamber, Ravager  
  106  9:10  Evolution Chamber  
  106  9:11  Drone x2  
  106  9:12  Overseer  
  107  9:18  Roach  
  107  9:22  Roach x2  
  113  9:24  Drone  
  113  9:29  Pneumatized Carapace  
  114  9:32  Drone x2  
  114  9:34  Roach x4  
  114  9:36  Hatchery  
  123  9:41  Infestation Pit  
  123  9:42  Overlord  
  122  9:46  Overlord  
  122  9:48  Roach x3  
  122  9:51  Overlord  
  128  9:56  Overlord  
  128  9:59  Spore Crawler  
  127  10:05  Zergling x14  
  134  10:13  Roach x6  
  146  10:16  Ravager x5  
  151  10:21  Drone  
  151  10:22  Drone  
  151  10:24  Drone  
  154  10:29  Overlord x2  
  154  10:31  Hive  
  154  10:34  Extractor  
  153  10:36  Extractor  
  153  10:40  Overseer  
  153  10:41  Overlord  
  152  10:44  Drone  
  152  10:45  Drone  
  152  10:48  Drone  
  152  10:49  Drone x5  
  159  10:50  Zerg Ground Armor Level 1, Zerg Missile Weapons Level 1  
  159  10:53  Hydralisk Den  
  158  10:58  Roach  
  158  10:59  Roach x3  
  158  11:01  Drone x4  
  170  11:14  Drone  
  170  11:15  Overlord  
  170  11:16  Overlord  
  171  11:19  Overlord  
  171  11:23  Spore Crawler  
  171  11:24  Overlord  
  170  11:26  Burrow  
  170  11:28  Overlord  
  170  11:30  Lurker Den  
  168  11:43  Viper x3  
  168  11:45  Hydralisk  
  168  11:46  Hydralisk x3  
  184  11:48  Zergling x22  
  184  11:49  Zergling x2  
  186  12:15  Adrenal Glands  
  186  12:19  Spore Crawler  
  185  12:24  Hatchery  
  185  12:28  Seismic Spines, Lurker x4  
  185  12:29  Hydralisk  
  188  12:32  Hydralisk  
  194  12:37  Roach x4  
  198  12:49  Hydralisk  
  198  12:50  Hydralisk x5  
  188  12:51  Zergling x2  
  188  12:53  Zergling x18  
  188  12:56  Hatchery  
  196  13:03  Zerg Missile Weapons Level 2, Grooved Spines  
  196  13:13  Zerg Ground Armor Level 2  
  196  13:17  Hydralisk  
  197  13:22  Lurker  
  197  13:24  Overseer  
  197  13:26  Adaptive Talons  
  198  13:32  Lurker  
  177  13:51  Hydralisk  
  177  13:52  Hydralisk x8  
  177  13:54  Zergling x26  
  160  13:56  Hydralisk  
  160  13:57  Hydralisk  
  160  13:58  Zergling x2  
  160  14:00  Roach  
  147  14:04  Drone x7  
  142  14:10  Lurker  
  142  14:11  Lurker  
  142  14:15  Drone  
  142  14:16  Drone x6  
  151  14:22  Lurker x2  
  153  14:35  Hydralisk Den  
  153  14:36  Lurker x2  
  153  14:37  Extractor  
  153  14:38  Extractor  
  153  14:39  Drone  
  153  14:44  Roach x7  
  167  14:50  Roach  
  167  14:51  Roach  
  171  14:53  Nydus Network, Hatchery  
  171  14:55  Drone x3  
  171  14:57  Lurker  
  173  15:01  Spore Crawler, Drone x5  
  173  15:04  Muscular Augments  
  173  15:05  Hydralisk  
  179  15:08  Hydralisk  
  179  15:13  Hydralisk  
  172  15:19  Hydralisk  
  172  15:20  Hydralisk x3, Roach  
  179  15:23  Ravager  
  179  15:24  Ravager x2  
  182  15:35  Lurker  
  165  15:36  Lurker x2  
  165  15:37  Hydralisk x2  
  154  15:44  Hydralisk x3  
  154  15:46  Zergling x10  
  165  15:57  Hydralisk x4  
  165  15:58  Hydralisk x2  
  174  16:13  Hatchery  
  174  16:14  Lurker x3  
  172  16:23  Hydralisk x5  
  172  16:25  Zergling x2  
  171  16:29  Spore Crawler, Lurker  
  171  16:31  Spore Crawler  
  171  16:32  Zergling x2  
  171  16:33  Zergling x12  
  171  16:34  Zergling x2  
  171  16:35  Zergling x2  
  171  16:38  Nydus Canal  
  161  16:48  Hydralisk x5  
  161  16:53  Lurker x2  
  171  16:59  Zergling x14  
  172  17:12  Lurker x4  
  172  17:13  Zergling x14  
  172  17:15  Zergling x2  
  178  17:21  Hydralisk  
  169  17:23  Hydralisk x2  
  169  17:28  Hydralisk x3  
  163  17:31  Zergling x2  
  160  17:39  Lurker Den  
  160  17:43  Hydralisk x5  
  158  17:50  Zergling x10  
  157  17:57  Zergling x12  
  150  18:06  Nydus Canal  
  146  18:19  Overseer x3  
  145  18:21  Hatchery  
  145  18:22  Queen  
  146  18:42  Lurker x9  
  146  18:43  Zergling x2  
  146  18:44  Zergling x2  
  146  18:45  Zergling x8, Hatchery  
  158  18:49  Nydus Canal  
  158  18:53  Hydralisk x2  
  158  18:55  Zergling x6  
  161  18:57  Queen  
  161  18:58  Overlord  
  163  19:08  Hydralisk x2  
  167  19:12  Zergling x4  
  167  19:14  Zergling x4  
  150  19:18  Hydralisk x2  
  150  19:23  Hydralisk x2, Lurker x3  
  138  19:25  Zergling x4, Overseer x2  
  138  19:27  Zergling x2  
  137  19:31  Lurker  
Show
View Real Time Build Order
Export as new Build Order

ByuN Terran - Winner!

Build Orders:  

Get SALT Encoding   

  12  0:01  SCV  
  13  0:14  Supply Depot  
  13  0:18  SCV  
  14  0:36  Barracks  
  15  0:48  Barracks  
  14  0:51  SCV  
  15  1:03  SCV  
  16  1:15  SCV  
  16  1:16  Refinery  
  17  1:23  Marine  
  18  1:28  Orbital Command  
  18  1:38  Marine  
  19  1:41  Supply Depot  
  19  1:45  Marine  
  20  1:53  Bunker  
  20  1:54  SCV  
  21  1:57  Marine  
  22  2:03  Marine  
  22  2:06  SCV  
  24  2:13  Bunker  
  24  2:15  Marine  
  25  2:17  Bunker  
  25  2:20  SCV  
  25  2:37  Factory  
  25  2:41  SCV, Reaper  
  20  2:50  Supply Depot  
  20  2:53  SCV  
  21  3:01  Command Center  
  21  3:07  SCV  
  22  3:19  SCV  
  23  3:21  Hellion  
  25  3:31  SCV  
  26  3:34  Starport  
  26  3:42  Hellion  
  26  3:43  SCV  
  26  3:44  Refinery  
  29  3:59  SCV  
  30  4:03  Barracks Reactor, Hellion  
  32  4:11  SCV  
  32  4:12  Viking  
  32  4:13  Orbital Command  
  35  4:23  SCV  
  36  4:34  Orbital Command  
  36  4:35  SCV  
  37  4:40  Barracks Tech Lab  
  37  4:42  Marine x2  
  37  4:44  Liberator  
  42  4:46  Factory Tech Lab  
  42  4:47  SCV  
  43  4:55  Supply Depot x2  
  43  5:00  SCV x2  
  43  5:01  Marine x2  
  43  5:02  Marine  
  43  5:06  Siege Tank  
  51  5:08  Bunker  
  51  5:15  Bunker  
  51  5:18  Marine  
  51  5:19  SCV, Marine  
  51  5:20  SCV, Marine  
  53  5:32  SCV x2  
  46  5:36  Marine  
  46  5:38  Marine x2  
  48  5:44  SCV  
  48  5:52  Siege Tank  
  48  5:54  Marine  
  48  5:56  Marine  
  52  6:02  SCV  
  48  6:04  SCV  
  47  6:14  SCV  
  47  6:16  SCV, Marine  
  47  6:18  Marine  
  46  6:26  SCV  
  46  6:28  SCV  
  48  6:36  Marine x2  
  48  6:37  Starport Reactor, Marine  
  48  6:38  SCV  
  52  6:43  SCV  
  52  6:46  Siege Tank  
  53  6:50  SCV  
  53  6:53  Supply Depot  
  54  6:57  Combat Shield, SCV, Marine x2  
  57  7:02  SCV  
  58  7:09  SCV  
  58  7:10  Marine  
  58  7:14  SCV  
  58  7:15  Marine x2  
  63  7:17  Supply Depot  
  63  7:19  Siege Tank  
  63  7:20  Supply Depot  
  63  7:21  SCV  
  67  7:26  SCV  
  67  7:27  Medivac  
  70  7:35  Supply Depot  
  70  7:38  Medivac, SCV, Marine x3  
  70  7:43  Supply Depot  
  76  7:54  Siege Tank  
  76  7:56  Marine x3  
  80  8:06  SCV x2  
  80  8:08  Command Center  
  82  8:14  Marine x3  
  82  8:18  Refinery  
  82  8:19  Refinery, SCV x2  
  87  8:30  Stimpack  
  87  8:31  Marine x3  
  86  8:35  Siege Tank  
  86  8:38  SCV x2  
  91  8:42  Medivac  
  93  8:50  SCV x2  
  93  8:53  Barracks x3  
  81  9:02  SCV x2  
  77  9:05  Engineering Bay  
  77  9:07  Marine x3  
  77  9:08  Engineering Bay  
  80  9:13  Siege Tank  
  80  9:14  SCV x2  
  85  9:24  Orbital Command, Marine  
  85  9:25  Marine x2  
  85  9:26  SCV  
  85  9:27  SCV  
  90  9:36  Terran Infantry Armor Level 1, Terran Infantry Weapons Level 1  
  90  9:43  Marine x2  
  92  9:46  Barracks Reactor x3  
  92  9:49  Marine  
  92  9:52  SCV x2  
  95  9:55  Siege Tank  
  98  10:01  Marine x2  
  98  10:02  Orbital Command  
  100  10:07  SCV x2, Marine  
  100  10:13  Armory  
  103  10:14  Supply Depot  
  103  10:19  Marine  
  103  10:20  Marine  
  105  10:23  SCV x2  
  105  10:25  Marine  
  105  10:26  Missile Turret  
  105  10:27  Siege Tank  
  111  10:33  SCV  
  111  10:35  SCV x2  
  114  10:37  Marine  
  114  10:41  Supply Depot  
  115  10:43  Supply Depot  
  115  10:44  Supply Depot  
  115  10:45  Supply Depot  
  115  10:47  SCV  
  115  10:49  Marine x6  
  122  10:50  Marine  
  122  10:53  Marine  
  124  11:02  Terran Vehicle Weapons Level 1  
  122  11:07  Siege Tank  
  125  11:11  Marine x8  
  125  11:12  Marine  
  125  11:16  Factory, Refinery x2  
  134  11:24  Supply Depot  
  134  11:26  Supply Depot  
  134  11:31  Terran Infantry Armor Level 2, Terran Infantry Weapons Level 2  
  134  11:33  Marine x5  
  134  11:34  Marine x4  
  134  11:39  SCV x2  
  145  11:40  SCV  
  145  11:50  Command Center  
  143  11:58  Marine x7  
  143  11:59  Marine x2  
  143  12:01  Factory Tech Lab  
  149  12:15  Supply Depot  
  147  12:16  Marine x7  
  147  12:17  Medivac x2, Marine x2  
  147  12:20  Siege Tank  
  163  12:34  Marine  
  163  12:36  Siege Tank  
  163  12:37  Marauder  
  169  12:38  Sensor Tower  
  169  12:47  Medivac x2  
  167  12:54  Siege Tank  
  167  12:57  Supply Depot  
  170  12:58  Supply Depot  
  170  13:00  Marauder, Marine  
  170  13:01  Marine x5  
  178  13:08  Siege Tank  
  181  13:17  Medivac x2  
  183  13:21  Marine x5  
  183  13:23  Marine x4  
  183  13:26  Siege Tank  
  195  13:28  SCV x2  
  195  13:29  SCV  
  195  13:32  Planetary Fortress  
  198  13:40  Marine x3  
  187  13:51  Marine  
  187  13:52  Marine x5  
  152  13:57  Medivac x2  
  152  13:58  Siege Tank x2, Marine x3  
  149  14:09  Marine x2  
  137  14:10  Marauder, Marine x3  
  137  14:15  SCV, Marine  
  137  14:16  SCV x2  
  147  14:20  Terran Infantry Weapons Level 3  
  147  14:21  Terran Infantry Armor Level 3  
  147  14:30  Siege Tank  
  150  14:31  Marine x2  
  150  14:32  Marauder, Marine x5  
  150  14:33  Marine  
  150  14:37  Siege Tank  
  163  14:41  Liberator  
  163  14:42  Liberator  
  169  14:46  Refinery x2  
  169  14:56  Command Center, Marine x7  
  169  14:57  Marine  
  169  14:59  Marauder  
  179  15:02  Siege Tank  
  179  15:04  SCV  
  179  15:05  SCV x2  
  185  15:09  Siege Tank  
  171  15:23  Marine x4  
  171  15:24  Medivac x2  
  171  15:28  Marine  
  178  15:29  Marine  
  178  15:35  Siege Tank  
  177  15:39  Marine x3  
  177  15:40  Marine  
  177  15:41  Siege Tank, Marine  
  181  15:43  Marine x2  
  181  15:46  Marine x2  
  185  15:51  Barracks  
  185  15:52  Barracks  
  185  15:53  Barracks  
  181  15:58  Marauder  
  177  16:07  Siege Tank  
  177  16:09  Marine x3  
  177  16:10  Marine x5  
  188  16:13  Siege Tank  
  188  16:14  Concussive Shells  
  191  16:19  Marauder, Command Center  
  185  16:33  Marine x5  
  185  16:38  Marine x2  
  185  16:39  Siege Tank  
  195  16:40  Marauder  
  195  16:41  Marine  
  195  16:46  Siege Tank  
  188  16:49  Medivac  
  188  16:51  Marine x5  
  187  16:56  Barracks Tech Lab x2, Marine  
  187  16:57  Barracks Tech Lab  
  187  17:00  Marine  
  180  17:02  Marauder  
  176  17:08  Marine  
  176  17:09  Marine  
  176  17:11  Siege Tank  
  180  17:16  Marine x2  
  180  17:18  Siege Tank  
  185  17:23  Marauder  
  185  17:29  Marine  
  171  17:42  Marine x5  
  171  17:43  Siege Tank  
  159  17:45  Marauder  
  159  17:47  Marine  
  159  17:50  Siege Tank  
  162  17:56  Orbital Command  
  162  17:59  Marine  
  162  18:00  Marauder, Marine x3  
  162  18:04  Marine  
  148  18:06  Marauder  
  148  18:17  Marine  
  148  18:18  Factory, Starport, Marine x3  
  148  18:19  Starport  
  152  18:20  Barracks  
  152  18:21  Barracks x2  
  152  18:22  Marauder  
  152  18:23  SCV x3  
  157  18:27  Planetary Fortress, Marauder  
  157  18:32  Marine  
  160  18:35  Marine x4  
  164  18:47  Marine  
  164  18:48  Marine  
  164  18:50  Marine  
  164  18:53  Marine x3  
  164  18:54  Marauder, Siege Tank  
  174  19:04  Starport Reactor x2  
  174  19:05  Viking, Marine  
  174  19:06  Marine  
  174  19:07  Medivac, Barracks Tech Lab  
  174  19:08  Marine  
  181  19:10  Marine  
  181  19:15  Marauder  
  178  19:24  Marauder  
  166  19:26  Marine x3  
  166  19:31  Marine x2  
Tags
 
Composition
Lurkers
League
Master
Matchup
TvZ
Player
ByuNRogue
Spawn Locations
Cross Positions
Add a new tag
Caveats
  • Supply blocks, unpowered buildings, or Contaminate may cause inaccurate times.
  • Supply counts are checked every 10 seconds.